 Dungeon Crawl Stone Soup version 0.30-a0-305-g026cb31310 (webtiles) character file.

Game seed: 405870998916470813

327 sanka the Conjurer (level 6, -2/44 HPs)
             Began as a Gnoll Conjurer on Oct 22, 2022.
             Was an Initiate of Ashenzari.
             Slain by a mummy (15 damage)
             ... in an ossuary.
             The game lasted 00:05:43 (4471 turns).

sanka the Conjurer (Gnoll Conjurer)                 Turns: 4471, Time: 00:05:43

Health: -2/44      AC:  3    Str:  7    XL:     6   Next: 50%
Magic:  13/14      EV: 12    Int: 19    God:    Ashenzari [......]
Gold:   181        SH:  4    Dex: 10    Spells: 12/15 levels left

rFire   . . .      SeeInvis .    x - +1 flail (vorpal)
rCold   . . .      Faith    .    p - +0 buckler
rNeg    . . .      Spirit   .    a - +0 robe
rPois   .          Reflect  .    (no helmet)
rElec   .          Harm     .    (no cloak)
rCorr   .          Rampage  .    (no gloves)
Will    .....                    c - +0 pair of boots
Stlth   ++........               g - amulet of regeneration
HPRegen 1.07/turn                (no ring)
MPRegen 0.14/turn                (no ring)

@: no status effects
A: fangs 1, strong nose, distributed training
a: Renounce Religion


You were in an ossuary.
You worshipped Ashenzari.
Ashenzari was noncommittal.
You visited 2 branches of the dungeon, and saw 5 of its levels.
You also visited: Ossuary.

You collected 181 gold pieces.


Innate Abilities, Weirdness & Mutations

You have very sharp teeth.
Your uncanny sense of smell can sniff out nearby items.
Your experience applies equally to all skills.


   Skills:
 + Level 2.1 Fighting
 + Level 2.1 Short Blades
 + Level 2.1 Long Blades
 + Level 2.1 Axes
 + Level 2.1 Maces & Flails
 + Level 2.1 Polearms
 + Level 2.1 Staves
 + Level 2.1 Ranged Weapons
 + Level 2.1 Throwing
 + Level 2.1 Armour
 + Level 5.0 Dodging
 + Level 4.6 Stealth
 + Level 2.1 Shields
 + Level 2.1 Unarmed Combat
 + Level 5.4 Spellcasting
 + Level 7.3 Conjurations
 + Level 1.6 Hexes
 + Level 1.6 Summonings
 + Level 1.6 Necromancy
 + Level 1.6 Translocations
 + Level 1.6 Transmutations
 + Level 1.6 Fire Magic
 + Level 1.6 Ice Magic
 + Level 1.6 Air Magic
 + Level 1.6 Earth Magic
 + Level 1.6 Poison Magic
 + Level 2.3 Invocations
 + Level 2.1 Evocations


You had 12 spell levels left.
You knew the following spells:

 Your Spells              Type           Power      Damage    Failure   Level
x - Searing Ray           Conj           66%        2d6       1%          2
z - Magic Dart            Conj           100%       1d8       1%          1

Your spell library contained the following spells:

 Spells                   Type           Power      Damage    Failure   Level
 Dazzling Flash           Conj/Hex       44%        N/A       8%          3
 Fulminant Prism          Conj/Hex       11%        3d9       24%         4
 Iskenderun's Mystic Bla  Conj/Tloc      22%        2d6       24%         4

Inventory:

Hand Weapons
 i - a +0 hand axe
 w - a +0 flail
 x - a +1 vorpal flail (weapon)
Armour
 a - a +0 robe (worn)
 c - a +0 pair of boots (worn)
 p - a +0 buckler (worn)
Jewellery
 g - an amulet of regeneration (around neck)
 k - an amulet of guardian spirit
Scrolls
 d - 2 scrolls of identify {unknown}
 f - 3 scrolls of enchant weapon {unknown}
 h - a scroll of blinking {unknown}
 n - 2 scrolls of enchant armour {unknown}
 o - a scroll of brand weapon {unknown}
 q - a scroll of summoning {unknown}
 r - a scroll of poison {unknown}
 s - a scroll of fog {unknown}
 t - 2 scrolls of magic mapping {unknown}
 y - a scroll of fear {unknown}
Potions
 b - a potion of magic
 e - a potion of brilliance {unknown}
 j - a potion of attraction {unknown}
 l - a potion of haste {unknown}
 m - a potion of resistance {unknown}
 u - a potion of heal wounds {unknown}
 v - 2 potions of curing {unknown}

Dungeon Overview and Level Annotations

Branches:
Dungeon (4/15)             Temple (1/1) D:4         Ossuary (1/1)

Altars:
Ashenzari
Cheibriados
Fedhas
Gozag
Kikubaaqudgha
Makhleb
Ru
The Shining One

..▒▒^.▒▒^.▒▒..▒▒..▒▒..▒▒
.▒▒..▒▒..▒▒▒▒..▒▒..▒▒..▒▒
▒▒..▒▒..▒▒??▒▒..▒▒..▒▒..▒▒
▒..▒▒..▒▒????▒▒..▒▒..▒▒..▒▒
..▒▒..▒▒∆..?.!▒▒..▒▒..▒▒..▒▒
.▒▒..▒▒ !∩∩...▒▒..▒▒..▒▒..▒▒
▒▒..▒▒ .!!....▒▒..▒▒..▒▒..▒▒
▒..▒▒ .?!....M▒▒..▒▒..▒▒..▒▒
..▒▒▒▒▒▒▒▒▒▒▒▒▒▒g'▒▒..▒▒..▒▒..▒▒
.^.................▒▒..▒▒..▒▒..▒▒
▒▒▒▒▒▒▒▒▒▒▒▒▒▒▒▒▒▒▒▒▒▒..▒▒..▒▒^.▒
.........................▒▒..▒▒..
▒▒▒▒▒▒▒▒▒▒▒▒▒▒▒▒▒▒▒▒▒▒▒▒▒▒▒▒..▒▒.
...............................▒▒
▒▒▒▒▒▒▒▒▒▒▒▒▒▒▒▒▒▒▒▒▒▒▒▒▒▒▒▒▒▒▒▒▒


You could see a mummy.


Message History

The gnoll skeleton is lightly damaged.
The magic dart hits the gnoll skeleton!
The gnoll skeleton is severely damaged.
The magic dart hits the gnoll skeleton.
The gnoll skeleton is severely damaged.
The magic dart hits the gnoll skeleton.
You destroy the gnoll skeleton!
You can't see any susceptible monsters within range! (Use Z to cast anyway.)
You can't see any susceptible monsters within range! (Use Z to cast anyway.)
There is a large open door here.
The magic dart hits the mummy.
The mummy is moderately damaged.
The magic dart hits the mummy but does no damage.
The mummy is moderately damaged.
You hit the mummy but do no damage.
The mummy is moderately damaged.
You barely miss the mummy.
The mummy is moderately damaged.
The mummy hits you!
You hit the mummy but do no damage.
The mummy is moderately damaged.
The mummy hits you!
You hit the mummy.
The mummy is severely damaged.
The mummy hits you!
* * * LOW HITPOINT WARNING * * *
You hit the mummy.
The mummy is almost destroyed.
The mummy hits you!
You die...

Action                   |  1- 3 |  4- 6 || total
-------------------------+-------+-------++-------
Melee: Unarmed           |    12 |       ||    12
       Bite              |     2 |    10 ||    12
       Punch             |     1 |       ||     1
       Flail             |       |    82 ||    82
       Hand axe          |       |     3 ||     3
 Cast: Magic Dart        |    58 |   125 ||   183
       Searing Ray       |       |     6 ||     6
 Stab: Distracted        |       |     1 ||     1
Armor: Robe              |     5 |    20 ||    25
Dodge: Dodged            |     7 |    49 ||    56
Block: Buckler           |       |    15 ||    15

Levels and vault maps discovered:
D:1:      kilobyte_arrival_exit_the_forest, layout_loops_ring, st_stairs_6,
          minivault_19
D:2:      layout_basic, basic_altar
D:3:      layout_basic
D:4:      layout_cave_pools, minmay_temple_entry_crystal_x,
          nicolae_ossuary_entry_monument, nrook_loot_triangle,
          dk_noncrumbling_4, uniq_robin
Temple:   nicolae_temple_ecumenical_triangle
Ossuary:  ossuary_due_pyramid

Notes
Turn   | Place    | Note
-------+----------+-------------------------------------------
     0 | D:1      | sanka the Gnoll Conjurer began the quest for the Orb.
     0 | D:1      | Reached XP level 1. HP: 13/13 MP: 6/6
   201 | D:1      | Reached XP level 2. HP: 19/19 MP: 3/7
   250 | D:1      | Learned a level 2 spell: Searing Ray
   635 | D:1      | Reached skill level 5 in Spellcasting
   635 | D:1      | Reached XP level 3. HP: 21/25 MP: 0/9
   648 | D:1      | Reached skill level 1 in Invocations
  1456 | D:2      | Reached skill level 1 in Fighting
  1456 | D:2      | Reached skill level 1 in Short Blades
  1456 | D:2      | Reached skill level 1 in Long Blades
  1456 | D:2      | Reached skill level 1 in Axes
  1456 | D:2      | Reached skill level 1 in Maces & Flails
  1456 | D:2      | Reached skill level 1 in Polearms
  1456 | D:2      | Reached skill level 1 in Staves
  1456 | D:2      | Reached skill level 1 in Ranged Weapons
  1456 | D:2      | Reached skill level 1 in Throwing
  1456 | D:2      | Reached skill level 1 in Armour
  1456 | D:2      | Reached skill level 1 in Shields
  1456 | D:2      | Reached skill level 1 in Unarmed Combat
  1456 | D:2      | Reached skill level 1 in Evocations
  1666 | D:2      | Reached XP level 4. HP: 32/32 MP: 8/11
  1955 | D:2      | Found a glowing golden altar of the Shining One.
  2335 | D:3      | Reached skill level 1 in Hexes
  2335 | D:3      | Reached skill level 1 in Summonings
  2335 | D:3      | Reached skill level 1 in Necromancy
  2335 | D:3      | Reached skill level 1 in Translocations
  2335 | D:3      | Reached skill level 1 in Transmutations
  2335 | D:3      | Reached skill level 1 in Fire Magic
  2335 | D:3      | Reached skill level 1 in Ice Magic
  2335 | D:3      | Reached skill level 1 in Air Magic
  2335 | D:3      | Reached skill level 1 in Earth Magic
  2335 | D:3      | Reached skill level 1 in Poison Magic
  2668 | D:3      | Reached XP level 5. HP: 37/37 MP: 5/12
  3504 | D:4      | Found a staircase to the Ecumenical Temple.
  3515 | Temple   | Entered the Ecumenical Temple
  3520 | Temple   | Became a worshipper of Ashenzari the Shackled
  3531 | D:4      | Found a sand-covered staircase.
  3541 | Ossuary  | Entered an ossuary
  4203 | Ossuary  | Reached skill level 2 in Invocations
  4273 | Ossuary  | Noticed Menkaure
  4331 | Ossuary  | Killed Menkaure
  4332 | Ossuary  | Reached skill level 2 in Fighting
  4332 | Ossuary  | Reached skill level 2 in Short Blades
  4332 | Ossuary  | Reached skill level 2 in Long Blades
  4332 | Ossuary  | Reached skill level 2 in Axes
  4332 | Ossuary  | Reached skill level 2 in Maces & Flails
  4332 | Ossuary  | Reached skill level 2 in Polearms
  4332 | Ossuary  | Reached skill level 2 in Staves
  4332 | Ossuary  | Reached skill level 2 in Ranged Weapons
  4332 | Ossuary  | Reached skill level 2 in Throwing
  4332 | Ossuary  | Reached skill level 2 in Armour
  4332 | Ossuary  | Reached skill level 5 in Dodging
  4332 | Ossuary  | Reached skill level 2 in Shields
  4332 | Ossuary  | Reached skill level 2 in Unarmed Combat
  4332 | Ossuary  | Reached skill level 2 in Evocations
  4332 | Ossuary  | Reached XP level 6. HP: 21/44 MP: 8/14
  4471 | Ossuary  | Slain by a mummy

Vanquished Creatures
  Menkaure (Ossuary)
  An orc wizard (D:3)
  2 mummies (Ossuary)
  A gnoll (D:1)
  An adder (D:2)
  A worm (D:3)
  3 dart slugs
  7 orcs
  8 bats
  3 endoplasms
  5 giant cockroaches
  3 gnoll zombies (Ossuary)
  7 goblins
  4 hobgoblins
  7 jackals
  5 kobolds
  4 quokkas
  12 ball pythons
  3 frilled lizards (D:1)
  4 gnoll skeletons (Ossuary)
  8 goblin skeletons (Ossuary)
  8 goblin zombies (Ossuary)
  4 hobgoblin skeletons (Ossuary)
  3 hobgoblin zombies (Ossuary)
  2 kobold skeletons (Ossuary)
  4 kobold zombies (Ossuary)
  2 orc skeletons (Ossuary)
  4 orc zombies (Ossuary)
  5 rats
  5 rat skeletons (Ossuary)
  3 rat zombies (Ossuary)
130 creatures vanquished.
